 Dungeon Crawl Stone Soup version 0.27-a0-46-g34d46f0a3f (webtiles) character file.

Game seed: 973843035264526306

14 robertstho the Caller (level 2, -1/24 HPs)
             Began as an Ogre Summoner on Jan 6, 2021.
             Killed from afar by a dart slug (4 damage)
             ... with a slug dart
             ... on level 1 of the Dungeon.
             The game lasted 00:01:28 (645 turns).

robertstho the Caller (Ogre Summoner)                Turns: 645, Time: 00:01:29

Health: -1/24      AC:  3    Str: 11    XL:     2   Next: 41%
Magic:  1/5        EV: 10    Int: 16    God:
Gold:   0          SH:  0    Dex:  9    Spells: 3/6 levels left

rFire    . . .     SeeInvis .   h - +0 hand axe
rCold    . . .     Faith    .   (no shield)
rNeg     . . .     Spirit   .   a - +0 robe
rPois    .         Reflect  .   (helmet restricted)
rElec    .         Harm     .   (no cloak)
rCorr    .         Rampage  .   (gloves unavailable)
Will     .....                  (boots unavailable)
Stlth    +.........             (no amulet)
HPRegen  0.08/turn              (no ring)
MPRegen  0.09/turn              (no ring)

@: no status effects
A: large, unfitting armour, tough skin 1
a: no special abilities


You were on level 1 of the Dungeon.
You visited 1 branch of the dungeon, and saw 1 of its levels.

Inventory:

Hand Weapons
 h - a +0 hand axe (weapon)
Armour
 a - a +0 robe (worn)
Jewellery
 g - an uncursed ring of willpower {unknown}
Scrolls
 b - a scroll of identify {unknown}
 c - a scroll of immolation {unknown}
 d - 2 scrolls of teleportation {unknown}
 e - a scroll of remove curse {unknown}
Potions
 f - 2 potions of curing {unknown}


   Skills:
 + Level 1.7 Dodging
 + Level 1.4 Stealth
 + Level 0.2 Unarmed Combat
 * Level 2.8 Spellcasting
 * Level 3.9 Summonings


You had 3 spell levels left.
You knew the following spells:

 Your Spells              Type           Power        Failure   Level
a - Summon Small Mammal   Summ           56%          3%          1
b - Call Imp              Summ           14%          6%          2

Your spell library contained the following spells:

 Spells                   Type           Power        Failure   Level
 Call Canine Familiar     Summ           14%          12%         3
 Summon Guardian Golem    Hex/Summ       8%           26%         3
 Summon Ice Beast         Ice/Summ       8%           63%         4
 Summon Lightning Spire   Summ/Air       8%           63%         4


Dungeon Overview and Level Annotations

Branches:
Dungeon (1/15)

Altars:


Innate Abilities, Weirdness & Mutations

You are too large for most types of armour.
You have tough skin. (AC +1)


Message History

The jackal bites your quokka but does no damage.
Your quokka barely misses the jackal.
The jackal misses your quokka. The jackal closely misses your quokka.
Your quokka bites the jackal but does no damage.
The jackal bites your quokka.
Your quokka bites the jackal but does no damage.
The jackal misses your quokka.
Your quokka bites the jackal but does no damage.
The jackal barely misses your quokka.
Your quokka closely misses the jackal.
The jackal barely misses your quokka.
Your quokka misses the jackal. The jackal barely misses your quokka.
Your quokka bites the jackal.
The jackal dies!
The dart slug launches a dart at you. The slug dart misses your quokka.
The slug dart hits you!
* * * LOW HITPOINT WARNING * * *
Your quokka bites the dart slug.
The dart slug bites your quokka.
Your quokka completely misses the dart slug.
The dart slug launches a dart at you. The slug dart misses your quokka.
The slug dart hits you.
You die...

#...†.....#.#
#......##.#.##
#.(..........#
###.#.....#..##.
#.....#.#..##.. .
.....##.#.#..##..#.
..........#..##....
###########..###..#
#@.rw.............
#.########..####.#
#.# #..####.# #.#
#..w..... #.#
#.#####.# #.# #.#
#.. #.# #.# ### #.#
#.# #.#


You could see a dart slug and a friendly quokka (summoned).

Vanquished Creatures
  A leopard gecko (D:1)
  A giant cockroach (D:1)
  2 jackals (D:1)
  3 rats (D:1)
7 creatures vanquished.

Vanquished Creatures (collateral kills)
  A dart slug (D:1)
  A giant cockroach (D:1)
  2 goblins (D:1)
  2 jackals (D:1)
  A frilled lizard (D:1)
7 creatures vanquished.

Vanquished Creatures (others)
  5 toadstools (D:1)
5 creatures vanquished.

Grand Total: 19 creatures vanquished

Notes
Turn   | Place    | Note
-------+----------+-------------------------------------------
     0 | D:1      | robertstho the Ogre Summoner began the quest for the Orb.
     0 | D:1      | Reached XP level 1. HP: 16/16 MP: 3/3
   400 | D:1      | Reached XP level 2. HP: 24/24 MP: 3/5
   403 | D:1      | Learned a level 2 spell: Call Imp
   645 | D:1      | Killed from afar by a dart slug

Illustrated notes

Levels and vault maps discovered:
D:1:      ldierk_walled_garden, layout_basic, minmay_heptomino_h4

Action                   || total
-------------------------++-------
Melee: Unarmed           ||    51
       Hand axe          ||    10
 Cast: Summon Small Mamm ||    14
       Call Imp          ||     4
 Stab: Distracted        ||     1
       Sleeping          ||     1
Armor: Robe              ||    29
Dodge: Dodged            ||    46

Table legend: (Time is in decaauts)
 A = Elapsed time spent in this place.
 B = Non-inter-level travel time spent in this place.
 C = Inter-level travel time spent in this place.
 D = Time resting spent in this place.
 E = Time spent auto-exploring this place.
 F = Levels seen in this place.
 G = Mean time per level.
                   A        B        C        D        E       F      G
               +--------+--------+--------+--------+--------+-----+--------+
         Total |    647 |    647 |      0 |      0 |    468 |   1 |  647.0 |
       Dungeon |    647 |    647 |      0 |      0 |    468 |   1 |  647.0 |
               +--------+--------+--------+--------+--------+-----+--------+

Top non-repeatable levels by time:
     D:1: 647 daAuts
